 Dungeon Crawl Stone Soup version 0.16.1-4-g8e1b745 (console) character file.

56 gw the Ducker (level 3, 0/21 HPs)
             Began as a Deep Elf Artificer on Mar 27, 2015.
             Succumbed to an adder's poison
             ... on level 2 of the Dungeon.
             The game lasted 00:01:55 (2629 turns).

gw the Ducker (Deep Elf Artificer)                  Turns: 2629, Time: 00:01:55

Health: 0/21       AC:  4    Str:  6    XL:     3   Next: 71%
Magic:  7/7        EV: 13    Int: 16    God:
Gold:   86         SH:  0    Dex: 16    Spells: 0 memorised, 2 levels left

rFire  . . .     SeeInvis .     a - +0 short sword
rCold  . . .     Clarity  .     e - +0 leather armour
rNeg   . . .     SustAb   .     (no shield)
rPois  .         Gourm    .     (no helmet)
rElec  .         Spirit   .     i - +0 cloak
rCorr  .         Warding  .     (no gloves)
rMut   .         Stasis   .     (no boots)
MR     .....                    (no amulet)
Stlth  ++........               (no ring)
                                (no ring)

@: lethally poisoned (0 -> -7), not resistant to hostile enchantments,
unstealthy
A: blink 1, screaming 1, weak 1
a: Blink


You were on level 2 of the Dungeon.
You were hungry.

You visited 1 branch of the dungeon, and saw 2 of its levels.

You collected 86 gold pieces.

Inventory:

Hand weapons
 a - a +0 short sword (weapon)
Armour
 e - a +0 leather armour (worn)
 i - a +0 cloak (worn)
Magical devices
 b - a wand of flame (10)
 c - a wand of enslavement (14)
 d - a wand of random effects (10)
Scrolls
 g - a scroll of enchant armour {unknown}
 h - a scroll of remove curse
Comestibles
 f - a bread ration
 j - a meat ration


   Skills:
 + Level 2.0 Fighting
 - Level 1.0 Short Blades
 + Level 3.9 Dodging
 - Level 1.2 Stealth
 - Level 3.2 Evocations


You had 2 spell levels left.
You didn't know any spells.

Dungeon Overview and Level Annotations

Branches:
Dungeon (2/15)

Altars:


Innate Abilities, Weirdness & Mutations

You can translocate small distances at will.
You occasionally shout uncontrollably at your foes.
You are weak. (Str -2)


Message History

MOVING TO (-4,-1)
You feel sick.
Unknown command.
Unknown command.
Unknown command.
MOVING TO (-3,-1) Unknown command.
Unknown command.
Unknown command.
MOVING TO (-2,-1)
You feel sick.
Unknown command.
Unknown command.
Unknown command.
MOVING TO (-1,-1) Unknown command.
Unknown command.
Unknown command.
MOVING TO (-2,3)
You die...

#.# #.# ### #.# #.# ..# #.# #.#
#.# #.# #.# ### ## #.# #.# #.#
#.. .####### #.# #.# #.# #.# ..
.......# #.###.####.# #.# ...
.......####.#.....#..###.####....
................e.S..............
.......####.#.#.#.##.#...........
.......# #.#.#.#........?....#.#
.......# #.#.#.#.#..#.########
............................
###########.#####)#.#..#.##
.........#.#..#)# ###
##########.##.# # ..# #.##..


You could see a friendly adder.

Table legend:
 A = Turns spent in this place as a percentage of turns spent in the entire game.
 B = Non-inter-level travel turns spent in this place as a percentage of non-inter-level travel turns spent in the entire game.
 C = Inter-level travel turns spent in this place as a percentage of turns spent in this place.
 D = Turns resting spent in this place as a percentage of non-inter-level travel turns spent in this place.
 E = Turns spent auto-exploring this place as a percentage of non-inter-level travel turns spent in this place.
 F = Non-inter-level travel turns spent in this place divided by the number of levels of this place that you've seen.
                   A       B       C       D       E      F
               +-------+-------+-------+-------+-------+----------------------
         Total | 100.0 | 100.0 |   1.4 |   2.1 |   2.3 | 1310.0
       Dungeon | 100.0 | 100.0 |   1.4 |   2.1 |   2.3 | 1310.0
               +-------+-------+-------+-------+-------+----------------------

Table legend:
 A = Kills in this place as a percentage of kills in entire the game.
 B = Kills by you in this place as a percentage of kills by you in the entire game.
 C = Kills by friends in this place as a percentage of kills by friends in the entire game.
 D = Other kills in this place as a percentage of other kills in the entire game.
 E = Experience gained in this place as a percentage of experience gained in the entire game.
 F = Experience gained in this place divided by the number of levels of this place that you have seen.
                   A       B       C       D       E      F
               +-------+-------+-------+-------+-------+----------------------
         Total | 100.0 | 100.0 | 100.0 |  -nan | 100.0 |  40.5
       Dungeon | 100.0 | 100.0 | 100.0 |  -nan | 100.0 |  40.5
               +-------+-------+-------+-------+-------+----------------------

Vanquished Creatures
  3 adders (D:2)
  2 giant geckos
  4 bats
  A giant cockroach (D:2)
  3 goblins (D:1)
  5 hobgoblins
  3 giant newts
  A kobold (D:1)
  5 rats
27 creatures vanquished.

Vanquished Creatures (collateral kills)
  A jackal (D:2)
1 creature vanquished.

Grand Total: 28 creatures vanquished

Notes
Turn   | Place    | Note
--------------------------------------------------------------
     0 | D:1      | gw, the Deep Elf Artificer, began the quest for the Orb.
     0 | D:1      | Reached XP level 1. HP: 11/11 MP: 2/2
   306 | D:1      | Reached skill level 1 in Fighting
   775 | D:1      | Reached XP level 2. HP: 9/16 MP: 5/5
  1642 | D:1      | Gained mutation: You occasionally shout uncontrollably at your foes. [potion of mutation]
  1642 | D:1      | Gained mutation: You are weak. (Str -2) [potion of mutation]
  1642 | D:1      | Gained mutation: You can translocate small distances at will. [potion of mutation]
  1985 | D:2      | Reached XP level 3. HP: 19/21 MP: 7/7
  2627 | D:2      | HP: 1/21 [poisoned by an adder]
  2629 | D:2      | Succumbed to an adder's poison

Action                   || total
-------------------------++-------
Melee: Short sword       ||   116
Evoke: Wand              ||    11
  Use: Scroll            ||     3
       Potion            ||     2
  Eat: Chunk             ||     5

Vault maps used:
D:1:      minmay_arrival_stone_box, hangedman_decor_push
D:2:      minmay_door_square
